 Dungeon Crawl Stone Soup version 0.31-a0-358-gac0dbeb3ab (webtiles) character file.

Game seed: 9248851596903835653

6 Locuples the Sneak (level 1, -1/16 HPs)
             Began as a Demonspawn Brigand on July 25, 2023.
             Slain by a quokka (4 damage)
             ... on level 1 of the Dungeon.
             The game lasted 00:00:28 (98 turns).

Locuples the Sneak (Demonspawn Brigand)               Turns: 98, Time: 00:00:29

Health: -1/16      AC:  3    Str: 11    XL:     1   Next: 75%
Magic:  1/1        EV: 11    Int: 12    God:
Gold:   20         SH:  0    Dex: 14    Spells: 0/0 levels left

rFire   . . .        a - +2 dagger
rCold   . . .        (no shield)
rNeg    . . .        b - +0 robe
rPois   .            (no helmet)
rElec   .            c - +0 cloak
rCorr   .            (no gloves)
SInv    .            (no boots)
Will    .....        (no amulet)
Stlth   +++          (no ring)
HPRegen 0.22/turn    (no ring)
MPRegen 0.07/turn

%: no passive effects
@: no status effects
A: no striking features
a: no special abilities


You were on level 1 of the Dungeon.
You visited 1 branch of the dungeon, and saw 1 of its levels.

You collected 20 gold pieces.

Inventory:

Hand Weapons
 a - a +2 dagger (weapon)
Missiles
 d - 9 poisoned darts (quivered)
 e - 3 curare-tipped darts
Armour
 b - a +0 robe (worn)
 c - a +0 cloak (worn)
Scrolls
 h - a scroll of enchant weapon {unknown}
Potions
 f - a potion of degeneration {unknown}
 g - a potion of berserk rage {unknown}


   Skills:
 - Level 2.0 Fighting
 + Level 1.7 Short Blades
 - Level 1.7 Throwing
 + Level 0.8 Dodging
 * Level 4.0 Stealth


You couldn't memorise any spells.
You didn't know any spells.
Your spell library was empty.

Dungeon Overview and Level Annotations

Branches:
Dungeon (1/15)

Altars:


Message History

The hobgoblin closely misses you.
You hit the hobgoblin.
The hobgoblin is severely wounded.
The hobgoblin hits you but does no damage.
You hit the hobgoblin.
You kill the hobgoblin!
You see here a hobgoblin corpse.
g - a metallic dark potion
h - a scroll labelled NEHOLL EREJIAC You see here 8 stones. 2 quokkas come into view.
The helpless quokka fails to defend itself.
You impale the quokka!!
You kill the quokka!
Your Stealth skill increases to level 4!
You closely miss the quokka. The quokka bites you.
You barely miss the quokka. The quokka bites you.
You hit the quokka but do no damage. The quokka bites you.
You hit the quokka.
The quokka is lightly wounded.
The quokka barely misses you.
You miss the quokka.
The quokka is lightly wounded.
The quokka bites you. x2
* * * LOW HITPOINT WARNING * * *
You closely miss the quokka. The quokka bites you.
* * * LOW HITPOINT WARNING * * *
You hit the quokka.
The quokka is lightly wounded.
The quokka misses you.
You closely miss the quokka.
The quokka is lightly wounded.
The quokka closely misses you.
You hit the quokka but do no damage.
The quokka is lightly wounded.
The quokka barely misses you.
You completely miss the quokka.
The quokka is lightly wounded.
The quokka bites you.
You die...

######## ####
...##.. ..# .#.##.#
#†# ...##.#######
#.#
.#..........####@##
................r.#
.).##...###.####..#
...#.....#.(.###..#
...#..†........#..#
...#†....#.#.#.#..#
..........###.....#
.......###.#.#.##.#
.####### #..# .# .#


You could see a quokka.

Vanquished Creatures
  A giant cockroach (D:1)
  A goblin (D:1)
  A hobgoblin (D:1)
  A quokka (D:1)
  A rat (D:1)
5 creatures vanquished.

Notes
Turn   | Place    | Note
-------+----------+-------------------------------------------
     0 | D:1      | Locuples the Demonspawn Brigand began the quest for the
                  | Orb.
     0 | D:1      | Reached XP level 1. HP: 16/16 MP: 1/1
    88 | D:1      | Reached skill level 4 in Stealth
    98 | D:1      | Slain by a quokka

Illustrated notes

Levels and vault maps discovered:
D:1:      minmay_arrival_wavy_path, layout_loops_ring

Skill      XL: |  1 |
---------------+----+-----
Stealth        | 4 |  4.0
Fighting       | |  2.0
Short Blades   | |  1.7
Throwing       | |  1.7
Dodging        | |  0.8

Action                     || total
---------------------------++-------
  Melee: Dagger            ||    18
   Stab: Sleeping          ||     2
 Armour: Robe              ||     1
  Dodge: Dodged            ||     8

Table legend: (Time is in decaauts)
 A = Elapsed time spent in this place.
 B = Non-inter-level travel time spent in this place.
 C = Inter-level travel time spent in this place.
 D = Time resting spent in this place.
 E = Time spent auto-exploring this place.
 F = Levels seen in this place.
 G = Mean time per level.
                   A        B        C        D        E       F      G
               +--------+--------+--------+--------+--------+-----+--------+
         Total |     96 |     96 |      0 |      0 |     50 |   1 |   96.0 |
       Dungeon |     96 |     96 |      0 |      0 |     50 |   1 |   96.0 |
               +--------+--------+--------+--------+--------+-----+--------+

Top non-repeatable levels by time:
     D:1: 96 daAuts
